 Dungeon Crawl Stone Soup version 0.28-a0-1447-ga5a8893891 (webtiles) character file.

Game seed: 13781006781011985937

5278 shadowrider38 the Martial Artist (level 10, 0/158 HPs)
             Began as a White Draconian Transmuter on Jan 11, 2022.
             Was a Believer of Okawaru.
             Slain by a vampire (22 damage)
             ... in a bailey.
             The game lasted 00:28:24 (18185 turns).

shadowrider38 the Martial Artist (DrTm)            Turns: 18185, Time: 00:28:24

Health: 0/158      AC:  8    Str: 12    XL:     10   Next: 36%
Magic:  9/13       EV: 10    Int: 24    God:    Okawaru [**....]
Gold:   353        SH:  0    Dex: 12    Spells: 5/13 levels left

rFire   x . .      SeeInvis .     - Unarmed
rCold   + + +      Faith    .   (shield currently unavailable)
rNeg    . . .      Spirit   .   (armour unavailable)
rPois   +          Reflect  .   (helmet currently unavailable)
rElec   .          Harm     .   (cloak currently unavailable)
rCorr   .          Rampage  .   (gloves currently unavailable)
Will    .....                   (boots currently unavailable)
Stlth   ..........              (no amulet)
HPRegen 0.36/turn               d - +6 ring of intelligence
MPRegen 0.13/turn               D - ring of protection from cold

@: berserking, ice-form, very quick
A: freezing attack, amphibious, boosted hp, (breathe frost), AC +7, large,
unfitting armour, (cold resistance 1), (cold-blooded)
a: End Transformation, Renounce Religion, Heroism


You were in a bailey.
You worshipped Okawaru.
Okawaru was pleased with you.
You were a creature of crystalline ice.
You visited 2 branches of the dungeon, and saw 9 of its levels.
You also visited: Bailey.

You collected 353 gold pieces.

Inventory:

Missiles
 a - 250 stones
 o - 4 boomerangs
 p - 20 poisoned darts
 y - 2 throwing nets
Armour
 c - a +0 buckler (melded)
 n - a +0 cloak (melded)
 t - a +0 pair of boots (melded)
Jewellery
 d - a +6 ring of intelligence (left front paw)
 g - a ring of flight
 h - the ring "Kuinu" {Fly rElec rF+ rN++ AC+4 Int-2}
   (You found it on level 7 of the Dungeon)

   [ring of protection]

   AC:        It affects your AC (+4).
   Int:       It affects your intelligence (-2).
   rF:        It protects you from fire.
   rElec:     It insulates you from electricity.
   rN:        It greatly protects you from negative energy.
   Fly:       It grants you flight.
 D - a ring of protection from cold (right front paw)
Wands
 s - a wand of iceblast (11)
 w - a wand of flame (48)
Scrolls
 e - a scroll of fear {unknown}
 f - a scroll of teleportation {unknown}
 k - a scroll of vulnerability {unknown}
 l - a scroll of torment {unknown}
 m - a scroll of noise {unknown}
 u - 2 scrolls of blinking
 v - a scroll of holy word {unknown}
 x - a scroll of magic mapping
Potions
 b - 4 potions of haste
 i - a potion of might
 j - 2 potions of lignification
 r - 2 potions of attraction {unknown}
 z - 3 potions of ambrosia
 A - a potion of mutation {unknown}
 B - a potion of brilliance
 C - 2 potions of degeneration {unknown}


   Skills:
 - Level 8.0 Fighting
 - Level 1.7 Dodging
 - Level 4.0 Shields
 + Level 8.6 Unarmed Combat
 - Level 2.0 Spellcasting
 - Level 8.0 Transmutations
 - Level 5.0 Ice Magic
 - Level 5.0 Evocations


You had 5 spell levels left.
You knew the following spells:

 Your Spells              Type           Power      Damage    Failure   Level
a - Beastly Appendage     Tmut           80%        N/A       1%          1
b - Spider Form           Tmut/Pois      21%        N/A       7%          3
c - Ice Form              Ice/Tmut       33%        N/A       9%          4

Your spell library contained the following spells:

 Spells                   Type           Power      Damage    Failure   Level
 Wereblood                Tmut           40%        N/A       1%          2
 Passwall                 Tmut/Erth      17%        N/A       3%          2
 Magic Dart               Conj           8%         1d3       12%         1
 Sandblast                Erth           4%         2d4       12%         1
 Gell's Gravitas          Tloc           2%         N/A       34%         3
 Lesser Beckoning         Tloc           2%         N/A       34%         3
 Mephitic Cloud           Conj/Pois/Air  2%         N/A       34%         3
 Stone Arrow              Conj/Erth      4%         3d7       34%         3
 Teleport Other           Tloc           2%         N/A       34%         3
 Fireball                 Conj/Fire      1%         3d3       97%         5
 Starburst                Conj/Fire      1%         6d3       100%        6
 Ignition                 Fire           1%         3d3       100%        8
 Call Imp                 Summ           Unusable   N/A       N/A         2

Dungeon Overview and Level Annotations

Branches:
Dungeon (8/15)             Temple (1/1) D:5          Bailey (1/1)
   Lair: D:8-11

Altars:
Ashenzari
Cheibriados
Dithmenos
Elyvilon
Fedhas
Gozag
Hepliaklqana
Kikubaaqudgha
Makhleb
Nemelex Xobeh
Okawaru
Qazlal
Ru
Sif Muna
Trog
Vehumet
Wu Jian
Yredelemnul
Zin
The Shining One

Shops:
D:6 ([

Annotations:
D:8 2 transporters, southernslant's ghost, novice GrGl


Innate Abilities, Weirdness & Mutations

You are a creature of crystalline ice.
You have a powerful freezing melee attack.
You are amphibious.
Your maximum health is increased.
Your armour is entirely melded.
You are incapable of wielding weapons or throwing items.
((You can breathe waves of freezing cold which knock back foes.))
((Your icy white scales are hard. (AC +7)))
You cannot fit into any form of body armour.
((Your flesh is cold resistant. (rC+)))
((You are cold-blooded and may be slowed by cold attacks.))


Message History

Found a smoky yellow potion and a glowing chain mail.
The vampire casts a spell at you. You resist with some effort.
The vampire gestures wildly while chanting.
The vampire flickers and vanishes!
Deactivating autopickup; reactivate with Ctrl-A.
No target in view!
No target in view!
No target in view!
No target in view!
You barely miss something. You closely miss something.
You hear some strange, mumbled words.
Something tries to affect you, but you resist.
You punch something! Something hits you!! Something bites you!
Something draws strength from your injuries!
You punch something! You freeze something. Something hits you!
Something bites you!
Something draws strength from your injuries!
You hit something.
You warm up again.
Your +0 cloak unmelds from your body.
Your +0 pair of boots unmelds from your body.
Your +0 buckler unmelds from your body.
Something hits you. Something bites you.
Something draws strength from your injuries!
Casting: Ice Form (dangerous; 11% risk of failure)
Press: ? - help, Q - select action, (/) - cycle Dir - look around, f - activate You turn into a creature of crystalline ice.
Your +0 cloak melds into your body.
Your +0 pair of boots melds into your body.
Your +0 buckler melds into your body.
Something hits you. Something bites you!
Something draws strength from your injuries!
You barely miss something. Something hits you!!
* * * LOW HITPOINT WARNING * * *
Something bites you but does no damage.
A red film seems to cover your vision as you go berserk!
You feel yourself moving faster!
You feel mighty! Something hits you!!
You die...

..).##....#..#
....#.)..##..#
..)##..)##...#
....##.)....8#
.♣...##....######
..♣...#...##....##
.♣....#..##.)...)##
.♣....#..#...##.}8#
......#..'..####Y[#
......#..'..# #{!#
###...#..#...# .!.#
#####8.##.....[##
######...8## #####


There were no monsters in sight!

Vanquished Creatures
  Maggie (D:7)
  A gargoyle (Bailey)
  Grinder (D:3)
  Prince Ribbit (D:6)
  A vampire (Bailey)
  2 yaks (D:7)
  The ghost of Grognak the Covered, an amateur HuFi (D:3)
  The ghost of DrKleor the Skirmisher, an amateur DsFi (D:2)
  A steam dragon (D:7)
  Duvessa (D:5)
  The ghost of wanderlust the Bolt Thrower, an amateur KoAM (D:3)
  2 orc warriors (D:7)
  3 ice beasts (D:6)
  3 necrophages
  8 ogres
  A phantom (D:4)
  A bullfrog (D:7)
  A gnoll sergeant (D:5)
  2 scorpions
  A wyvern skeleton (D:7)
  Dowan (D:5)
  The ghost of dolemite99 the Slasher, a weakling MiMo of Gozag (D:3)
  5 vampire bats (Bailey)
  2 howler monkeys
  6 wolf zombies (Bailey)
  2 centaur zombies
  A bullfrog zombie (D:7)
  2 jellies
  A gnoll shaman (D:6)
  A bullfrog skeleton (D:7)
  5 orc priests
  Jessica (D:3)
  2 iguanas
  5 orc wizards
  9 gnolls
  11 adders
  2 white imps (D:5)
  5 worms
  A dart slug (D:3)
  27 orcs
  5 bats
  9 endoplasms
  6 goblins
  5 hobgoblins
  12 jackals
  3 kobolds
  8 quokkas
  5 ball pythons
  13 orc zombies (Bailey)
  A rat (D:2)
191 creatures vanquished.

Vanquished Creatures (others)
  An orc wizard (D:7)
  3 fungi (D:1)
  9 plants
13 creatures vanquished.

Grand Total: 204 creatures vanquished

Notes
Turn   | Place    | Note
-------+----------+-------------------------------------------
     0 | D:1      | shadowrider38 the Draconian Transmuter began the quest for
                  | the Orb.
     0 | D:1      | Reached XP level 1. HP: 16/16 MP: 3/3
   221 | D:1      | Reached XP level 2. HP: 22/24 MP: 5/5
   507 | D:1      | Found a faded altar of an unknown god.
  1436 | D:2      | Reached XP level 3. HP: 29/30 MP: 6/6
  2294 | D:2      | Reached XP level 4. HP: 24/38 MP: 7/7
  3721 | D:3      | Noticed Jessica
  3751 | D:3      | Killed Jessica
  3752 | D:3      | Reached skill level 1 in Shields
  4040 | D:3      | Found a glowing silver altar of Zin.
  4040 | D:3      | Found an opulent altar of Gozag.
  4083 | D:3      | Reached XP level 5. HP: 42/46 MP: 6/8
  4250 | D:3      | Found a shadowy altar of Dithmenos.
  4270 | D:3      | Noticed an ogre
  4297 | D:3      | Killed an ogre
  5518 | D:3      | Reached XP level 6. HP: 9/52 MP: 9/9
  6000 | D:3      | Noticed Grinder
  6033 | D:2      | Learned a level 3 spell: Spider Form
  6245 | D:3      | Killed Grinder
  6246 | D:3      | Your scales start taking on an icy white colour.
  6246 | D:3      | Reached XP level 7. HP: 54/60 MP: 7/10
  6246 | D:3      | Gained mutation: Your flesh is cold resistant. (rC+) [White
                  | Draconian growth]
  6280 | D:3      | Learned a level 4 spell: Ice Form
  6479 | D:3      | Found a runed translucent gate.
  6479 | D:3      | Found a runed translucent gate.
  6479 | D:3      | Found a runed translucent gate.
  6481 | D:3      | Noticed Grognak's ghost (amateur HuFi)
  6481 | D:3      | Noticed dolemite99's ghost (weakling MiMo)
  6482 | D:3      | Noticed DrKleor's ghost (amateur DsFi)
  6482 | D:3      | Noticed wanderlust's ghost (amateur KoAM)
  6829 | D:4      | Reached skill level 5 in Fighting
  7020 | D:4      | Found a blossoming altar of Fedhas.
  8072 | D:4      | Reached skill level 1 in Ice Magic
  8267 | D:4      | Found a broken altar of Ashenzari.
  8284 | D:4      | Found a glowing golden altar of the Shining One.
  8301 | D:4      | Found a white marble altar of Elyvilon.
  8960 | D:5      | Entered Level 5 of the Dungeon
  9184 | D:5      | Noticed Duvessa
  9217 | D:4      | Reached skill level 5 in Ice Magic
  9217 | D:4      | Reached XP level 8. HP: 70/70 MP: 8/11
  9312 | D:5      | Reached skill level 5 in Unarmed Combat
  9730 | D:5      | Killed Duvessa
  9738 | D:5      | Noticed Dowan
  9797 | D:5      | Killed Dowan
 10311 | D:5      | Found a staircase to the Ecumenical Temple.
 10356 | D:5      | Reached skill level 5 in Transmutations
 10870 | Temple   | Entered the Ecumenical Temple
 11315 | Temple   | Became a worshipper of Warmaster Okawaru
 11522 | D:2      | Killed DrKleor's ghost
 11938 | D:3      | Killed wanderlust's ghost
 11952 | D:3      | Killed Grognak's ghost
 11953 | D:3      | Reached XP level 9. HP: 37/78 MP: 9/12
 11959 | D:3      | Killed dolemite99's ghost
 12608 | D:6      | Found a faded altar of an unknown god.
 12609 | D:6      | Found a faded altar of an unknown god.
 12611 | D:6      | Found a hazy altar of Hepliaklqana.
 12799 | D:6      | Found a bloodstained altar of Trog.
 13134 | D:6      | Noticed Prince Ribbit
 13141 | D:6      | Killed Prince Ribbit
 13141 | D:6      | Reached * piety under Okawaru
 13170 | D:6      | Found Foitoiga's Antique Armour Shoppe.
 13842 | D:6      | Found a sparkling altar of Nemelex Xobeh.
 14165 | D:6      | Found Efecet's Distillery.
 14415 | D:6      | Found Rar Liad's Weapon Boutique.
 14575 | D:6      | Found a snail-covered altar of Cheibriados.
 15033 | D:7      | Reached skill level 1 in Evocations
 15544 | D:7      | Noticed Maggie
 15559 | D:7      | Killed Maggie
 16143 | D:7      | Reached skill level 5 in Evocations
 16220 | D:7      | Reached ** piety under Okawaru
 16575 | D:7      | Reached XP level 10. HP: 88/88 MP: 9/13
 16761 | D:7      | Identified the ring "Kuinu" {Fly rElec rF+ rN++ AC+4 Int-2}
 16987 | D:8      | Found a transporter.
 16999 | D:8      | Found a transporter.
 16999 | D:8      | Noticed southernslant's ghost (novice GrGl)
 17002 | D:8      | Noticed a two-headed ogre
 17357 | D:8      | Found a flagged portal.
 17368 | Bailey   | Entered a bailey
 17908 | Bailey   | Noticed a gargoyle
 17924 | Bailey   | Killed a gargoyle
 18185 | Bailey   | Slain by a vampire

Illustrated notes

Levels and vault maps discovered:
D:1:      tarquinn_simple_flora_water_a, layout_loops_ring,
          shapermc_ecumenical_altar_mp_urbaneastern,
          chequers_serial_rivers_micro_e
D:2:      layout_basic, minmay_misc_feat_pillars, kennysheep_donut
D:3:      layout_basic, grunt_temple_overflow_gold_and_silver,
          nicolae_dithmenos_through_a_glass_darkly, gammafunk_ghost_cemetery,
          uniq_jessica, uniq_grinder
D:4:      layout_layer_cave, fedhas_altar_fruit_tree, kennysheep_mini,
          mainiacjoe_overflow_swirl, hangedman_abyss_or_decor_lesser_grid
D:5:      layout_basic, minmay_temple_entry_gardened_gates, uniq_duvessa
D:6:      layout_layer_cave, nicolae_hepliaklqana_ecumenical_no_more,
          amcnicky_altar_gilded, cheibrodos_worm_habitat,
          nemelex_diamond_rough_becter, serial_shops, nicolae_shop_behind_doors,
          nicolae_shop_advertising_works [nicolae_subvault_shop_adworks],
          nicolae_stop_n_shop_2, amcnicky_mini_corridor_feature,
          uniq_prince_ribbit1
D:7:      layout_basic, grunt_ministairs_7, uniq_maggie
D:8:      layout_basic, xom_shifter_show, enter_bailey_5, gammafunk_ghost_smash,
          grunt_ministairs_6, corexii_checkpoint_a
Temple:   jpeg_temple_island
Bailey:   bailey_polearm_vampire_castle_hellmonk, bailey

Skill      XL: |  1  2  3  4  5  6  7  8  9 10 |
---------------+-------------------------------+-----
Fighting       | 2 3 4 6 8 |  8.0
Unarmed Combat | 4 6 8 |  8.6
Shields        | 1 3 4 |  4.0
Transmutations | 4 6 8 |  8.0
Ice Magic      | 5 |  5.0
Evocations     | 5 |  5.0
Dodging        | |  1.7
Spellcasting   | |  2.0

Action                   |  1- 3 |  4- 6 |  7- 9 | 10-12 || total
-------------------------+-------+-------+-------+-------++-------
Melee: Unarmed           |   112 |    89 |   358 |   122 ||   681
       Headbutt          |    14 |    13 |    28 |       ||    55
       Kick              |    14 |    26 |    39 |       ||    79
       Tailslap          |     5 |     9 |    29 |     8 ||    51
       Punch             |     3 |       |       |       ||     3
       Dagger            |       |    14 |       |       ||    14
Throw: Stone             |       |     1 |       |       ||     1
       Dart              |       |       |     8 |       ||     8
 Cast: Beastly Appendage |    21 |    21 |    23 |       ||    65
       Spider Form       |       |     2 |     8 |       ||    10
       Ice Form          |       |       |    23 |     8 ||    31
 Abil: Breathe Frost     |       |       |     4 |       ||     4
  Use: Scroll            |     2 |       |     5 |     2 ||     9
       Potion            |       |       |     1 |     1 ||     2
 Stab: Sleeping          |     1 |     1 |       |       ||     2
       Distracted        |       |       |     1 |       ||     1
Armor: Skin              |    39 |    30 |    91 |    48 ||   208
Dodge: Dodged            |    63 |    58 |   144 |    69 ||   334
Block: Buckler           |     5 |     9 |    24 |    12 ||    50

Table legend: (Time is in decaauts)
 A = Elapsed time spent in this place.
 B = Non-inter-level travel time spent in this place.
 C = Inter-level travel time spent in this place.
 D = Time resting spent in this place.
 E = Time spent auto-exploring this place.
 F = Levels seen in this place.
 G = Mean time per level.
                   A        B        C        D        E       F      G
               +--------+--------+--------+--------+--------+-----+--------+
         Total |  18141 |  16950 |   1191 |   8547 |   6215 |  10 | 1814.1 |
       Dungeon |  16860 |  15743 |   1117 |   8045 |   5673 |   8 | 2107.5 |
        Temple |    475 |    401 |     74 |      0 |    395 |   1 |  475.0 |
        Bailey |    805 |    805 |      0 |    502 |    147 |   1 |  805.0 |
               +--------+--------+--------+--------+--------+-----+--------+

Top non-repeatable levels by time:
     D:2: 3576 daAuts
     D:3: 3420 daAuts
     D:4: 2508 daAuts
     D:6: 2417 daAuts
     D:7: 2287 daAuts
     D:5: 1294 daAuts
     D:1: 1246 daAuts
  Bailey: 805 daAuts
  Temple: 475 daAuts
     D:8: 109 daAuts
